 Dungeon Crawl Stone Soup version 0.28-a0-1374-ga75cb3825e (webtiles) character file.

Game seed: 6629398379426850705

200 Snarg the Skirmisher (level 5, 0/46 HPs)
             Began as a Demigod Wanderer on Dec 31, 2021.
             Slain by an adder (4 damage)
             ... in a sewer on Jan 2, 2022.
             The game lasted 00:16:10 (3433 turns).

Snarg the Skirmisher (Demigod Wanderer)             Turns: 3433, Time: 00:16:11

Health: 0/46       AC:  4    Str: 20    XL:     5   Next: 24%
Magic:  9/9        EV: 11    Int: 11    God:
Gold:   111        SH:  0    Dex: 13    Spells: 2/6 levels left

rFire   . . .      SeeInvis .   a - +1 short sword (holy)
rCold   . . .      Faith    .   (no shield)
rNeg    . . .      Spirit   .   c - +1 leather armour
rPois   .          Reflect  .   (no helmet)
rElec   .          Harm     .   (no cloak)
rCorr   .          Rampage  .   (no gloves)
Will    .....                   (no boots)
Stlth   ++........              (no amulet)
HPRegen 0.15/turn               (no ring)
MPRegen 0.11/turn               (no ring)

@: mighty, lethally poisoned (0 -> -6), flying
A: high mp 1, forlorn, divine attributes
a: no special abilities


You were in a sewer.
You visited 1 branch of the dungeon, and saw 3 of its levels.
You also visited: Sewer.

You collected 111 gold pieces.

Inventory:

Hand Weapons
 a - a +1 short sword of holy wrath (weapon)
 b - a +1 hand crossbow
 g - a +0 short sword
Missiles
 d - 25 bolts
 e - 55 stones (quivered)
 h - 2 throwing nets
 i - 5 boomerangs
Armour
 c - a +1 leather armour (worn)
Jewellery
 j - a ring of fire
Scrolls
 k - a scroll of amnesia
 n - a scroll of vulnerability {unknown}
 p - a scroll of fog {unknown}


   Skills:
 - Level 4.0 Fighting
 + Level 1.5 Short Blades
 - Level 3.0 Crossbows
 + Level 1.6 Armour
 + Level 1.3 Dodging
 * Level 2.1 Stealth
 + Level 1.0 Spellcasting
 * Level 2.3 Conjurations
 * Level 0.7 Fire Magic
 * Level 0.7 Air Magic


You had 2 spell levels left.
You knew the following spells:

 Your Spells              Type           Power      Damage    Failure   Level
a - Shock                 Conj/Air       16%        1d4       21%         1
b - Conjure Flame         Conj/Fire      3%         6-21      52%         3

Your spell library contained the following spells:

 Spells                   Type           Power      Damage    Failure   Level
 Magic Dart               Conj           20%        1d4       14%         1


Dungeon Overview and Level Annotations

Branches:
Dungeon (3/15)              Sewer (1/1)

Annotations:
D:1 clr
D:2 1 runed translucent door, Crazy Yiuf


Innate Abilities, Weirdness & Mutations

You have an increased reservoir of magic. (+10% MP)
You shall have no god before yourself.
Your divine heritage dramatically boosts your attributes as you level up.


Message History

The adder bites you.
You are poisoned.
The adder poisons you! The adder bites you.
It was a potion of might.
You feel very mighty all of a sudden.
You feel sick. The adder bites you. The adder closely misses you.
You puncture the adder!
You kill the adder!
You feel sick. The adder misses you. x2
You puncture the adder!
The adder is severely wounded.
You feel sick. The adder bites you. The adder bites you but does no damage.
The adder barely misses you. The adder bites you.
You are more poisoned.
The adder poisons you! The adder misses you.
You hit the adder.
You kill the adder!
You feel very sick. The adder bites you. The adder closely misses you.
You feel sick. The adder bites you but does no damage.
You barely miss the adder.
You feel sick. The adder bites you.
* * * LOW HITPOINT WARNING * * *
You are lethally poisoned!
The adder poisons you! The adder barely misses you.
The adder bites you but does no damage.
You miss the adder.
* * * LOW HITPOINT WARNING * * *
You feel very sick. The adder bites you.
* * * LOW HITPOINT WARNING * * *
The adder barely misses you.
Unknown command.
Unknown command.
You aren't carrying any potions.
As you read the scroll labelled PATYBO UKOMURPH, it crumbles to dust.
The creatures around you are filled with an inner flame!
It was a scroll of immolation.
* * * LOW HITPOINT WARNING * * *
You feel sick. The adder completely misses you. The adder bites you.
You die...

#≈≈≈(≈w #≈≈≈# #≈≈...#
#≈≈≈# #≈≈≈.≈ #≈≈≈#
#≈≈≈(# #≈≈≈#
#≈≈≈≈###############≈≈≈#
#≈≈≈≈≈≈≈≈≈≈≈≈†..≈≈≈≈≈.≈#
#S≈≈≈≈≈≈≈≈≈≈≈≈†≈≈≈≈≈≈≈≈#
#≈≈≈≈≈.≈≈≈≈≈≈≈≈≈≈≈≈≈≈≈≈#
#≈≈≈###≈≈≈####≈@####≈≈.#
#≈≈≈ #.≈≈# #SS# #≈≈≈#
#≈≈≈ #≈≈≈# #≈≈# #.≈≈#
#≈≈≈ #≈≈≈# #..# #.≈.#
#≈≈≈ #≈≈≈# #..# #≈≈≈#
#≈≈≈# +..'.##≈≈.# #≈≈.#
+..'.##≈≈.# #.≈≈#
#..#.##≈≈≈# #≈≈≈#
#..####≈≈≈#


You could see 2 adders.

Vanquished Creatures
  8 adders
  2 river rats
  3 worms (Sewer)
  2 dart slugs
  3 orcs (D:2)
  11 ball pythons
  12 bats
  5 endoplasms
  4 giant cockroaches
  2 goblins (D:2)
  4 hobgoblins
  4 jackals (Sewer)
  6 kobolds
  6 quokkas
  6 frilled lizards
  22 rats
100 creatures vanquished.

Notes
Turn   | Place    | Note
-------+----------+-------------------------------------------
     0 | D:1      | Snarg the Demigod Wanderer began the quest for the Orb.
     0 | D:1      | Snarg set off with the following items: a +1 hand crossbow,
                  | 23 bolts, a +0 leather armour; and the following spells
                  | available to memorise: Magic Dart, Shock, Conjure Flame
     0 | D:1      | Reached XP level 1. HP: 19/19 MP: 4/4
   539 | D:1      | Reached XP level 2. HP: 27/27 MP: 5/5
   685 | D:1      | Reached skill level 1 in Stealth
   962 | D:1      | You fall into a shaft and drop 1 floor!
   974 | D:2      | Reached skill level 4 in Fighting
  1114 | D:1      | Reached XP level 3. HP: 28/33 MP: 6/6
  1284 | D:2      | Learned a level 1 spell: Shock
  1288 | D:2      | Learned a level 3 spell: Conjure Flame
  1654 | D:2      | Reached skill level 1 in Armour
  1835 | D:2      | Reached XP level 4. HP: 36/40 MP: 8/8
  2185 | D:2      | Found a runed translucent door.
  2186 | D:2      | Noticed Crazy Yiuf
  2260 | D:2      | Reached skill level 1 in Dodging
  2586 | D:3      | Found a glowing drain.
  2590 | Sewer    | Entered a sewer
  2599 | Sewer    | Reached skill level 1 in Short Blades
  3274 | Sewer    | Reached XP level 5. HP: 46/46 MP: 9/9
  3433 | Sewer    | Slain by an adder

Illustrated notes

Levels and vault maps discovered:
D:1:      minmay_arrival_wavy_path, layout_loops_ring
D:2:      layout_loops_ring, basic_altar, minmay_misc_feat_tower,
          grunt_ministairs_2, minmay_rat_hole, uniq_crazy_yiuf_cottage
D:3:      layout_loops_ring, shapermc_ecumenical_altar_pompeii,
          gup_sewer_entry_spiral
Sewer:    sewer_fruit_machine

Skill      XL: |  1  2  3  4 |
---------------+-------------+-----
Stealth        | 1 2 |  2.1
Fighting       | 4 |  4.0
Conjurations   | 2 |  2.3
Crossbows      | 3 |  3.0
Armour         | 1 |  1.6
Dodging        | 1 |  1.3
Short Blades   | 1 |  1.5
Spellcasting   | |  1.0
Fire Magic     | |  0.7
Air Magic      | |  0.7

Action                   |  1- 3 |  4- 6 || total
-------------------------+-------+-------++-------
Melee: Unarmed           |     7 |       ||     7
       Short sword       |   100 |   146 ||   246
 Fire: Hand crossbow     |    37 |    24 ||    61
Throw: Stone             |    12 |     1 ||    13
  Use: Scroll            |       |     5 ||     5
       Potion            |       |     3 ||     3
Armor: Leather armour    |    38 |    75 ||   113
Dodge: Dodged            |    53 |   119 ||   172

Table legend: (Time is in decaauts)
 A = Elapsed time spent in this place.
 B = Non-inter-level travel time spent in this place.
 C = Inter-level travel time spent in this place.
 D = Time resting spent in this place.
 E = Time spent auto-exploring this place.
 F = Levels seen in this place.
 G = Mean time per level.
                   A        B        C        D        E       F      G
               +--------+--------+--------+--------+--------+-----+--------+
         Total |   3630 |   3518 |    112 |    609 |   1660 |   4 |  907.5 |
       Dungeon |   2627 |   2515 |    112 |    363 |   1569 |   3 |  875.7 |
         Sewer |   1003 |   1003 |      0 |    246 |     91 |   1 | 1003.0 |
               +--------+--------+--------+--------+--------+-----+--------+

Top non-repeatable levels by time:
     D:2: 1285 daAuts
     D:1: 1172 daAuts
   Sewer: 1003 daAuts
     D:3: 169 daAuts
